[Event "Betsys MČR v online bleskovém šachu 2021"]
[Site "Chess.com"]
[Date "2021.04.17"]
[Round "3"]
[White "reflexia64"]
[Black "kol340"]
[Result "1-0"]
[WhiteElo "2335"]
[BlackElo "1823"]
[TimeControl "180+1"]
[EndTime "9:28:10 PDT"]
[Termination "Uživatel reflexia64 zvítězil matem"]

1. g3 c6 2. Bg2 d5 3. d3 Nf6 4. Nd2 Bf5 5. e4 dxe4 6. dxe4 Bg4 7. f3 Bh5 8. Nh3 e6 9. Nf4 Bg6 10. Qe2 Bc5 11. Nb3 Nbd7 12. Nxc5 Nxc5 13. Be3 Qe7 14. O-O-O O-O 15. h4 h5 16. Bh3 Bh7 17. Rhg1 Rad8 18. g4 Rxd1+ 19. Qxd1 Rd8 20. Qe2 hxg4 21. Bxg4 Nxg4 22.
Rxg4 f5 23. Bxc5 Qxc5 24. Nxe6 Rd1+ 25. Qxd1 Qe3+ 26. Kb1 fxg4 27. Qd8+ Kf7 28. Ng5+ Kg6 29. Qe8+ Kh6 30. a3 gxf3 31. Qh8 Kh5 32. Qxh7+ Kg4 33.
Qf5+ Kg3 34. Qh3+ Kf4 35. Qxf3+ Qxf3 36. Nxf3 Kxe4 37. Ng5+ Kf5 38. c4 Kg6 39. Kc2 Kh5 40.
Ne6 g6 41. Nf4+ Kh6 42. Kd3 g5 43. hxg5+ Kxg5 44. Ne6+ Kf6 45. Nd8 b6 46. Nxc6 a6 47. Nb8 a5 48. Nd7+ Ke7 49. Nxb6 Kd6 50. b4 a4 51. Nxa4 Kc7 52. c5 Kb8 53. Kc4 Ka7 54. b5 Kb7 55. c6+ Kc7 56. Kc5 Kb8 57. b6 Kc8 58. c7 Kb7 59. Nc3 Kc8 60. Ne4 Kb7 61.
a4 Ka6 62. Nd6 Ka5 63. c8=Q Kxa4 64. Kc4 Ka3 65. Kc3 Ka2 66. Kc2 Ka3 67. Qc5+ Ka4 68. Qb5+ Ka3 69. Qb3# 1-0

[Event "Betsys MČR v online bleskovém šachu 2021"]
[Site "Chess.com"]
[Date "2021.04.17"]
[Round "3"]
[White "handlovskyjachym"]
[Black "JindrichT_JR_CZE"]
[Result "0-1"]
[WhiteElo "1358"]
[BlackElo "1003"]
[TimeControl "180+1"]
[EndTime "9:28:10 PDT"]
[Termination "Uživatel JindrichT_JR_CZE zvítězil na čas"]

1. e4 e5 2. Nf3 Nc6 3. Bc4 Bc5 4. d3 Nf6 5. O-O O-O 6. Bg5 h6 7. Bh4 Be7 8. Nc3 d6 9. Bxf6 Bxf6 10. Nd5 Bg4 11. h3 Bxf3 12. Qxf3 Nd4 13. Qd1 c6 14. Nxf6+ Qxf6 15. c3 Nb5 16. Bxb5 cxb5 17. f4 exf4 18.
Qg4 Rad8 19. Rxf4 Qg5 20. Qxg5 hxg5 21. Rg4 f6 22. Rf1 d5 23. exd5 Rxd5 24. d4 Re8 25. Kf2 Rf5+ 26. Kg1 Rxf1+ 27. Kxf1 g6 28. Kf2 Kf7 29.
Rg3 Ke6 30. Re3+ Kd7 31. Rxe8 Kxe8 32. Ke3 Ke7 33. Ke4 Ke6 34. d5+ Kd6 35. b3 f5+ 36.
Kd4 b6 37. c4 bxc4 38. bxc4 a6 39. a4 a5 40. g3 g4 41. h4 Kd7 42. Ke5 Ke7 43. d6+ Kd7 44. Kf6 f4 45. Kxg6 fxg3 46.
h5 g2 47. h6 g1=Q 48. h7 Qh1 49. Kg7 Kxd6 50. h8=Q Qxh8+ 51. Kxh8 g3 52. Kg7 g2 53. Kf7 g1=Q 54. Ke8 Qc1 55. Kd8 Qxc4 56. Ke8 b5 57. axb5 Qxb5+ 58. Kf8 a4 0-1

[Event "Betsys MČR v online bleskovém šachu 2021"]
[Site "Chess.com"]
[Date "2021.04.17"]
[Round "3"]
[White "JustFilip05"]
[Black "Jindrich4321"]
[Result "1-0"]
[WhiteElo "2140"]
[BlackElo "1936"]
[TimeControl "180+1"]
[EndTime "9:28:12 PDT"]
[Termination "Uživatel JustFilip05 zvítězil na čas"]

1. Nf3 f5 2. b3 d6 3. Bb2 e5 4. d3 Nf6 5. Nbd2 Nc6 6. e4 Be7 7.
g3 O-O 8. Bg2 Bd7 9. O-O Qe8 10.
Nh4 f4 11. Nf5 Bxf5 12. exf5 Qd7 13. g4 h6 14. Ne4 Nxe4 15. Bxe4 Bf6 16. Qf3 Rad8 17.
Bd5+ Kh8 18. Kg2 Rb8 19. Rh1 Nb4 20. Be6 Qe7 21. Qe2 Nc6 22. f3 Nd8 23. Bc4 c6 24.
b4 Nf7 25. Qf2 b6 26. h4 d5 27. Bb3 e4 28. dxe4 Bxb2 29. Rab1 Bf6 30. g5 Bxg5 31.
hxg5 Nxg5 32. exd5 cxd5 33. Bxd5 Rbc8 34. Bb3 Qf6 35. Rbe1 Qxf5 36. Qh4 Rcd8 37. Re2 Rde8 38. Rhe1 Rxe2+ 39. Rxe2 Qf6 40. Qg4 Qc6 41. Re5 Qf6 42. Rd5 Qe7 43. Qh5 Qe2+ 44. Kh1 Qxf3+ 45. Qxf3 Nxf3 46.
Kg2 Ng5 47. Rd4 f3+ 48. Kf2 Nh3+ 49. Kg3 f2 50. Bc4 Ng5 51. Bf1 Kh7 52. Rd2 Rf7 53. Re2 h5 54. Kg2 g6 55. Rxf2 Rxf2+ 56. Kxf2 1-0

[Event "Betsys MČR v online bleskovém šachu 2021"]
[Site "Chess.com"]
[Date "2021.04.17"]
[Round "3"]
[White "Bolavey_Kotnik"]
[Black "Rubinus"]
[Result "0-1"]
[WhiteElo "2358"]
[BlackElo "2153"]
[TimeControl "180+1"]
[EndTime "9:28:13 PDT"]
[Termination "Uživatel Rubinus zvítězil matem"]

1. e4 c5 2. Nf3 d6 3. d4 cxd4 4.
Nxd4 Nf6 5. Nc3 a6 6. Be2 e5 7.
Nb3 Be7 8. O-O O-O 9. f4 Qc7 10.
Qe1 b5 11. a3 Bb7 12. Bf3 Nbd7 13. Be3 Nc5 14. Nxc5 dxc5 15. Qg3 Bd6 16. f5 Rfe8 17. Bg5 Qe7 18. Rad1 b4 19. Na4 Kh8 20. Nb6 Rad8 21. Nc4 Bc7 22. Qh4 Rxd1 23. Rxd1 Rd8 24. Re1 Rd4 25.
Ne3 Bxe4 26. Bxe4 bxa3 27. bxa3 c4 28. Bxf6 gxf6 29. c3 Rd2 30. Qg4 Bb6 31. h4 Qxa3 32. h5 Qf8 33. Kh2 h6 34. Nd5 Bd8 35. Re3 Qg7 36.
Qf3 Qg5 37. Re2 Rd1 38. Qg3 Rh1+ 39. Kxh1 Qxg3 40. Bf3 Qh4+ 41. Kg1 Qg5 42. Kf2 Qc1 43. Kg3 a5 44. Ne3 Qb1 45. Nxc4 a4 46. Be4 Qb3 47. Nd6 Qxc3+ 48. Bf3 Kg7 49. Ne4 Qb4 50. Kh2 a3 51.
Re3 Bb6 52. Rd3 a2 53. Rd7 a1=Q 54. Nd6 Qbe1 55. Rxf7+ Kg8 56. Bd5 Qh4# 0-1

[Event "Betsys MČR v online bleskovém šachu 2021"]
[Site "Chess.com"]
[Date "2021.04.17"]
[Round "3"]
[White "psvoboda72"]
[Black "Simago"]
[Result "0-1"]
[WhiteElo "1736"]
[BlackElo "2096"]
[TimeControl "180+1"]
[EndTime "9:28:16 PDT"]
[Termination "Uživatel Simago zvítězil na čas"]

1. Nf3 Nf6 2. b3 d6 3. Bb2 Nbd7 4. d4 g6 5. Nbd2 Bg7 6. g3 O-O 7. Bg2 e5 8. dxe5 Ng4 9. O-O Ngxe5 10. Nxe5 Nxe5 11.
Rb1 c6 12. f4 Nd7 13. e4 Nf6 14. Nc4 Ne8 15. Bxg7 Kxg7 16. Qd4+ Qf6 17. e5 dxe5 18. fxe5 Qe6 19. Nd6 Kg8 20. c4 Ng7 21. Rbd1 a5 22. Ne4 Kh8 23. Ng5 Qe7 24. Qh4 h5 25. Qf4 Bg4 26. Rd6 Be6 27. Rfd1 Rad8 28. Nxe6 fxe6 29.
Rxd8 Rxd8 30. Rxd8+ Qxd8 31. Bf1 Qd1 32. Qf8+ Kh7 33.
Qf2 Qd7 34. Qe3 Nf5 35. Qd3 Qxd3 36. Bxd3 c5 37. Be4 b6 38. Kf2 Kh6 39. Ke2 Ne7 40.
Bb7 g5 41. Ke3 Ng6 42. Ke4 Kg7 43. Bc8 Kf7 44. a3 Ke7 45. a4 Nf8 46. Bb7 Nd7 47. Bc6 Nf8 48. Bb7 Ng6 49. Bc6 Nh8 50. Bb7 Kd7 51.
Ba6 Kc7 52. Bb5 Nf7 53. Be8 Nh6 54. Bxh5 Kd8 55. h3 Ke7 0-1

[Event "Betsys MČR v online bleskovém šachu 2021"]
[Site "Chess.com"]
[Date "2021.04.17"]
[Round "3"]
[White "Marcus_Aurelius_CZ"]
[Black "SanyH"]
[Result "1-0"]
[WhiteElo "1390"]
[BlackElo "1594"]
[TimeControl "180+1"]
[EndTime "9:28:16 PDT"]
[Termination "Uživatel Marcus_Aurelius_CZ zvítězil na čas"]

1. e4 c5 2. Nf3 Nc6 3. Bc4 g6 4. c3 Bg7 5. d3 Nf6 6. Be3 d6 7. h3 O-O 8. O-O Bd7 9. Nbd2 Rc8 10. Re1 a6 11. Nf1 b5 12. Bb3 a5 13. Bc2 Be6 14. Ng3 Ne8 15. Qd2 Ne5 16. Nxe5 Bxe5 17. f4 Bg7 18. Rf1 d5 19. f5 Bd7 20. fxg6 hxg6 21. exd5 Nf6 22. d4 Nxd5 23. Bh6 cxd4 24. Bxg7 Kxg7 25.
Qxd4+ Nf6 26. Rad1 Qc7 27. Nh5+ gxh5 28. Qe3 Qc5 29. Qxc5 Rxc5 30. Rd3 Bf5 31. Rg3+ Bg6 32. Re1 e6 33. Bxg6 fxg6 34. Rxe6 Nd5 35. Rgxg6+ Kf7 36. Ra6 Ne3 37. Rgb6 b4 38. Rf6+ Kg7 39. Rg6+ Kf7 40. Raf6+ Ke7 41. Re6+ Kf7 42. Rgf6+ Kg7 43. Rxf8 Kxf8 44.
Rxe3 bxc3 45. Rxc3 Rb5 46. b3 Kf7 47. a4 Rb6 48.
Kf2 Kf6 49. Kf3 Ke6 50. g4 hxg4+ 51. hxg4 Rb4 52. Rc5 Rxb3+ 53. Kf4 Rb4+ 54. Kg3 Rxa4 55. Kh4 Kf6 56. Rb5 Kg6 57. Rb6+ Kf7 58. Ra6 Ra1 59. Kg5 a4 60. Ra7+ Ke6 61. Kg6 a3 62. g5 a2 63. Kg7 Kf5 64. Ra5+ Kg4 65. g6 1-0

[Event "Betsys MČR v online bleskovém šachu 2021"]
[Site "Chess.com"]
[Date "2021.04.17"]
[Round "3"]
[White "CZMaster666"]
[Black "petiva3"]
[Result "1-0"]
[WhiteElo "1864"]
[BlackElo "1345"]
[TimeControl "180+1"]
[EndTime "9:28:23 PDT"]
[Termination "Uživatel CZMaster666 zvítězil matem"]

1. e4 e5 2. Nf3 Nc6 3. Bb5 Nge7 4. O-O g6 5. c3 Bg7 6. d4 exd4 7. cxd4 d5 8. e5 O-O 9. Bg5 f6 10. Bh4 fxe5 11. Bxc6 bxc6 12. Nxe5 Bxe5 13. dxe5 Ba6 14. Re1 Qd7 15. e6 Qd6 16. Nc3 Nf5 17. Qg4 Nxh4 18.
Qxh4 Rae8 19. Qh3 Qf4 20. f3 Rf6 21. e7 Qd6 22. Qh4 Rf7 23. Qa4 Bc4 24. b3 Bd3 25. Qxa7 Rfxe7 26. Rxe7 Qxe7 27. Rd1 Bf5 28. g4 Bd7 29.
Qf2 Qe3 30. Kg2 Qxf2+ 31. Kxf2 Kg7 32. Na4 Ra8 33. Nc5 Be8 34. a4 Rb8 35. b4 Rxb4 36.
Re1 Bf7 37. Re7 Rb2+ 38. Kg3 Kg8 39. Rxc7 Rc2 40. Rxc6 Be8 41. Rc8 Kf8 42. a5 d4 43.
Nd7+ Ke7 44. Rxc2 Bxd7 45. Rd2 Ke6 46. Rxd4 Ke5 47. Re4+ Kd5 48. Re1 Kc6 49. Rd1 Bc8 50. Rc1+ Kb7 51. Rxc8 Kxc8 52. Kf4 Kb7 53. Kg5 Ka6 54. Kh6 Kxa5 55. Kxh7 Kb5 56. Kxg6 Kc5 57. f4 Kd5 58. f5 Kd6 59. f6 Kd7 60. f7 Ke7 61.
Kg7 Ke6 62. f8=Q Kd7 63. Qf5+ Kc6 64. Kf6 Kd6 65. Qe5+ Kc6 66. Ke6 Kb6 67. Qd5 Kc7 68. Qc4+ Kb6 69. Kd6 Ka7 70. Qb3 Ka6 71. Kc6 Ka5 72.
Qb5# 1-0

[Event "Betsys MČR v online bleskovém šachu 2021"]
[Site "Chess.com"]
[Date "2021.04.17"]
[Round "3"]
[White "Cimrman"]
[Black "Lipican"]
[Result "0-1"]
[WhiteElo "2338"]
[BlackElo "2096"]
[TimeControl "180+1"]
[EndTime "9:28:28 PDT"]
[Termination "Uživatel Lipican zvítězil matem"]

1. d4 Nf6 2. Nf3 g6 3. c4 Bg7 4.
Nc3 d5 5. cxd5 Nxd5 6. e4 Nxc3 7. bxc3 O-O 8. Be3 c5 9. Qd2 Qa5 10. Rc1 cxd4 11. cxd4 Qxd2+ 12. Nxd2 Nc6 13. d5 Nb4 14. a3 Na2 15. Rc7 Be5 16. Rc2 Nc3 17. Bd3 Bd7 18.
f4 Bg7 19. O-O Rfc8 20. Rfc1 Ba4 21. Nc4 Bxc2 22. Rxc2 Nb5 23. a4 Nd6 24. e5 Nxc4 25.
Rxc4 a6 26. Kf2 Rxc4 27. Bxc4 Rc8 28. Bd3 Rc3 29. Be2 Kf8 30. a5 g5 31. g3 gxf4 32. gxf4 Ra3 33. Bb6 Ke8 34. Bg4 Rc3 35. d6 exd6 36.
exd6 Rd3 37. Bc7 Bf8 38. d7+ Rxd7 39. Bxd7+ Kxd7 40. Bb6 Bd6 41. Kf3 Bc7 42. Be3 Bxa5 43. Ke4 Ke6 44. f5+ Kd7 45. Bd4 Bc7 46. h4 b5 47. Kd5 Bb8 48. Bc5 a5 49. h5 b4 50. Kc4 Kc6 51. Bf8 Bd6 52. Bg7 Kb6 53. Bd4+ Kc6 54. Bg7 a4 55. Bf6 b3 56. Kc3 Kb5 57. Bd4 Bb4+ 58. Kb2 Kc4 59. Be5 a3+ 60. Kb1 a2+ 61. Ka1 Bc3+ 62. Bxc3 Kxc3 63. f6 Kc2 64. h6 b2+ 65. Kxa2 b1=Q+ 66. Ka3 Qb3# 0-1

[Event "Betsys MČR v online bleskovém šachu 2021"]
[Site "Chess.com"]
[Date "2021.04.17"]
[Round "3"]
[White "DavidekIII"]
[Black "Millbo64"]
[Result "1-0"]
[WhiteElo "2215"]
[BlackElo "1999"]
[TimeControl "180+1"]
[EndTime "9:28:29 PDT"]
[Termination "Uživatel DavidekIII zvítězil po vzdání soupeře"]

1. d4 c6 2. c4 d5 3. Nc3 Nf6 4. Nf3 g6 5. Bf4 Bg7 6. e3 O-O 7. Bd3 dxc4 8. Bxc4 Nbd7 9. O-O Nb6 10. Bb3 Bg4 11. h3 Bd7 12. Rc1 Rc8 13. Qe2 Nfd5 14. Nxd5 cxd5 15. Ne5 e6 16. Rc2 a6 17. Rfc1 Bb5 18.
Qd1 Rxc2 19. Qxc2 f6 20. Nd3 Bxd3 21. Qxd3 Rf7 22. Qc3 e5 23. Bg3 h5 24. dxe5 fxe5 25.
Bxe5 Bxe5 26. Qxe5 Qh4 27. Rf1 Qf6 28. Qxf6 Rxf6 29.
Rd1 Rd6 30. Rd4 Kf7 31. Kf1 Ke6 32. Ke2 Ke5 33. f4+ Ke6 34. Kf3 Kd7 35. g4 hxg4+ 36. hxg4 Kc6 37. Rd2 Kc5 38. Rc2+ Kb5 39. Rc7 Rd7 40.
Rxd7 Nxd7 41. Bxd5 b6 42. Bf7 Nf8 43. f5 gxf5 44.
gxf5 Kc5 45. e4 Kd4 46. b3 Ke5 47. a4 a5 48. Bd5 Nd7 49. Bc6 Nc5 50. Bd5 Nd7 51. Kg4 Nf6+ 52. Kg5 Nh7+ 53. Kg6 Nf6 54. Kf7 Ng4 55. Bc6 Nf6 56. Ke7 Ng4 57. Kd7 Nf6+ 58.
Kc7 b5 59. axb5 Nxe4 60. Bxe4 1-0

[Event "Betsys MČR v online bleskovém šachu 2021"]
[Site "Chess.com"]
[Date "2021.04.17"]
[Round "3"]
[White "Filipdol"]
[Black "EliasD123"]
[Result "1-0"]
[WhiteElo "1862"]
[BlackElo "1288"]
[TimeControl "180+1"]
[EndTime "9:28:29 PDT"]
[Termination "Uživatel Filipdol zvítězil matem"]

1. e4 e5 2. Nf3 Nc6 3. Bc4 Nf6 4. d3 Bc5 5. c3 d6 6. Bb3 Bg4 7. Nbd2 Qd7 8. Qe2 a6 9. h3 Bh5 10. Nf1 O-O-O 11. Ng3 Bg6 12. Bd2 h5 13. Nh4 Rhe8 14. O-O-O d5 15. Nxg6 fxg6 16. Bg5 d4 17. c4 Bb4 18. a3 Ba5 19. f4 Qd6 20. f5 b5 21.
cxb5 axb5 22. fxg6 Qc5+ 23. Kb1 Qb6 24. Bxf6 gxf6 25. g7 b4 26. a4 Qa6 27. Bc4 Qa7 28.
b3 Bb6 29. g8=Q Rxg8 30. Bxg8 Rxg8 31. Nf5 Kb7 32. Qc2 Na5 33. Rc1 Qa6 34. Rhd1 c5 35.
Nd6+ Kc7 36. Nb5+ Kb7 37. Nd6+ Kc7 38. Nc4 Rg3 39. Nxa5 Qxa5 40. Qf2 Rxd3 41. Rxd3 Kc6 42. Qc2 Kc7 43. Qc4 Kc6 44. Qd5+ Kc7 45. Rc4 Kc8 46. Rg3 Kc7 47. Rg7+ Kb8 48. Qg8+ Bd8 49. Rd7 Kc8 50. Qxd8+ Qxd8 51. Rxd8+ Kxd8 52. Rxc5 Ke7 53. Kc2 Ke6 54.
Rd5 f5 55. Kd3 fxe4+ 56. Kxe4 h4 57. Rxe5+ Kd6 58. Rd5+ Ke6 59. Rxd4 Kf6 60. Rxb4 Kg5 61. Rb5+ Kg6 62. Kf4 Kf6 63. Kg4 Ke6 64. Kxh4 Kd6 65. Kg4 Kc6 66. h4 Kd7 67. h5 Ke7 68. h6 Kf7 69. h7 Kg7 70. Rb7+ Kh8 71. Rb8+ Kg7 72.
Rb4 Kf7 73. Rf4+ Kg7 74. h8=Q+ Kxh8 75. Kg5 Kg8 76. Kg6 Kh8 77. Rb4 Kg8 78. Rb8# 1-0

[Event "Betsys MČR v online bleskovém šachu 2021"]
[Site "Chess.com"]
[Date "2021.04.17"]
[Round "3"]
[White "TheFr0zenSun"]
[Black "Herracek"]
[Result "1/2-1/2"]
[WhiteElo "2243"]
[BlackElo "2605"]
[TimeControl "180+1"]
[EndTime "9:28:32 PDT"]
[Termination "Remíza opakováním pozice"]

1. d4 Nf6 2. Nf3 e6 3. Bf4 c5 4. e3 Nc6 5. Nbd2 d5 6. c3 Bd6 7. Bg3 O-O 8. Bd3 b6 9. e4 dxe4 10. Nxe4 Nxe4 11. Bxe4 Bb7 12. dxc5 Bxc5 13. Qa4 Rc8 14.
O-O f5 15. Rad1 Qf6 16. Bb1 Rf7 17. Bd6 Bxd6 18. Rxd6 Ne5 19. Nxe5 Qxe5 20. Rfd1 Bd5 21. Rd7 Rxd7 22. Qxd7 Qc7 23. Qxc7 Rxc7 24. Bxf5 Bxa2 25.
Be4 g6 26. f4 Kg7 27. g3 Kf6 28.
Kf2 b5 29. Ke3 Bc4 30. Ra1 h6 31. Ra6 Kf7 32. b4 Kf6 33. Kd4 Kf7 34. Ke5 Bb3 35. h4 h5 36. Kd4 Bc4 37. Rc6 Rd7+ 38. Ke3 Bd5 39. Ra6 Bc4 40. Rc6 Kf6 41. Ra6 Rd1 42.
Rxa7 Rg1 43. Kf2 Rc1 44. Ra8 Rxc3 45. Rg8 Bd3 46. Rxg6+ Kf7 47. Bxd3 Rxd3 48. Rg5 Rd2+ 49. Ke3 Rg2 50. Kf3 Rb2 51. Rxb5 Rb3+ 52. Kg2 Kg6 53. Kh3 Rb2 54. Rb6 Kf6 55. b5 Rb3 56. Rb7 Kf5 57.
b6 Ke4 58. Re7 Rxb6 59. Rh7 Kf3 60. Rxh5 Rb1 61. Kh2 Rb2+ 62. Kh3 Rb1 63. Kh2 Rb2+ 64. Kh3 Rb1 1/2-1/2

[Event "Betsys MČR v online bleskovém šachu 2021"]
[Site "Chess.com"]
[Date "2021.04.17"]
[Round "3"]
[White "elftom"]
[Black "MBorkovec"]
[Result "1-0"]
[WhiteElo "1961"]
[BlackElo "2281"]
[TimeControl "180+1"]
[EndTime "9:28:38 PDT"]
[Termination "Uživatel elftom zvítězil po vzdání soupeře"]

1. c4 Nf6 2. Nc3 g6 3. g3 Bg7 4.
Bg2 d6 5. e4 O-O 6. Nge2 c5 7.
d3 Nc6 8. O-O Bg4 9. h3 Bd7 10.
Rb1 Qc8 11. Kh2 a6 12. a3 Ne8 13. b4 b6 14. b5 Nd4 15. Nxd4 Bxd4 16. Nd5 Qd8 17. Bh6 Ng7 18. a4 e6 19. Ne3 axb5 20. axb5 Ra3 21. h4 Ra2 22. Qc1 Qe7 23. Bg5 f6 24. Bh6 Rfa8 25. Nc2 e5 26. Nxd4 cxd4 27. Rb2 Be6 28. Rxa2 Rxa2 29. Qb1 Qa7 30. Kg1 Qa3 31. Bc1 Qa4 32. Bb2 Ne8 33. Bf3 Nc7 34. Bd1 Qa8 35.
Bb3 Ra7 36. f4 Bf7 37. f5 Kg7 38. Qd1 gxf5 39. Rxf5 Bg6 40. Qg4 Kf7 41. Rf1 Ne6 42. c5 Qe8 43. h5 dxc5 44. hxg6+ hxg6 45. Bxe6+ Qxe6 46. Qxe6+ Kxe6 47. Ra1 Rxa1+ 48. Bxa1 f5 49. exf5+ gxf5 50. Kf2 e4 51. Ke2 Kd5 52. Bb2 c4 53.
dxe4+ fxe4 54. g4 c3 55. Bc1 d3+ 56. Ke3 Ke5 57. Ba3 d2 58. Ke2 Kf4 59. Bb4 Kxg4 60.
Bxc3 e3 61. Bd4 d1=Q+ 62. Kxd1 Kf3 63. Bxb6 Ke4 64. Ke2 Kd5 65. Bxe3 Kc4 66. b6 1-0

[Event "Betsys MČR v online bleskovém šachu 2021"]
[Site "Chess.com"]
[Date "2021.04.17"]
[Round "3"]
[White "Bohous13"]
[Black "RadosC"]
[Result "1-0"]
[WhiteElo "2226"]
[BlackElo "2510"]
[TimeControl "180+1"]
[EndTime "9:28:40 PDT"]
[Termination "Uživatel Bohous13 zvítězil na čas"]

1. e4 c5 2. c4 Nc6 3. Ne2 e5 4. Nbc3 g6 5. g3 Bg7 6. Bg2 Nge7 7. O-O O-O 8. a3 d6 9. Rb1 a5 10. d3 h6 11. Nd5 Nxd5 12. exd5 Ne7 13. b4 axb4 14.
axb4 b6 15. bxc5 bxc5 16. f4 Kh7 17. fxe5 dxe5 18. Be3 Ra5 19. Nc3 Nf5 20. Bf2 Nd6 21. Qd2 f5 22. Rb8 Qc7 23. Rfb1 Ra3 24. R8b3 Rxb3 25.
Rxb3 Bd7 26. Qa2 h5 27. Qa6 h4 28. Qb6 Rc8 29. Qxc7 Rxc7 30. Rb6 Bf8 31. gxh4 Be7 32. Bf3 Kg7 33. Kf1 Kf7 34. Bd1 Nc8 35. Rb8 Bd6 36. Rb2 Ra7 37. Ra2 Rb7 38. Ra5 Rc7 39. Ba4 Ke7 40.
Bxd7 Kxd7 41. Nb5 Rb7 42. Nxd6 Nxd6 43. Bxc5 Rb1+ 44. Kf2 Rb2+ 45. Ke1 Nb7 46. Ra7 Kc8 47. Be3 Rxh2 48. c5 f4 49. c6 fxe3 50. Rxb7 Rc2 51.
Rg7 Rc5 52. Ke2 Rxd5 53. Rxg6 Rd4 54. Kxe3 Rxh4 55. Re6 Rh5 56. Ke4 Kc7 57. Rxe5 Rh1 58. Rc5 Kd6 59. Rc3 Rh4+ 60. Ke3 Rh3+ 61. Kd2 Rh2+ 62.
Kd1 Kc7 63. d4 Rh4 64. Rc4 Rh2 65. Kc1 Rg2 66. d5 Rg5 67. Rd4 1-0

[Event "Betsys MČR v online bleskovém šachu 2021"]
[Site "Chess.com"]
[Date "2021.04.17"]
[Round "3"]
[White "Lukuluss88"]
[Black "Jacques_se_mas"]
[Result "0-1"]
[WhiteElo "1993"]
[BlackElo "1738"]
[TimeControl "180+1"]
[EndTime "9:28:43 PDT"]
[Termination "Uživatel Jacques_se_mas zvítězil na čas"]

1. c4 b6 2. Nc3 Bb7 3. e4 e6 4. g3 f5 5. Bg2 Nf6 6. d3 fxe4 7.
dxe4 Bb4 8. Bg5 h6 9. Bxf6 Qxf6 10. Ne2 Qf7 11. O-O O-O 12. a3 Bxc3 13. Nxc3 Na6 14. b4 c5 15. Rb1 Rac8 16. b5 Nc7 17. f4 Ne8 18. Qd3 Nf6 19. Rbd1 Rcd8 20. e5 Bxg2 21. Kxg2 Nh7 22. Ne4 Qf5 23. Nd6 Qxd3 24. Rxd3 g5 25. f5 exf5 26. Nxf5 Kh8 27. Nxh6 Rxf1 28. Kxf1 Kg7 29. Nf5+ Kg6 30. g4 Nf8 31. Ne7+ Kf7 32. Nc6 Re8 33. Nxa7 Rxe5 34. Nc8 Re6 35. Nd6+ Kg6 36.
Nf5 Re4 37. Rd6+ Kf7 38. Rxd7+ Nxd7 39. Nd6+ Ke6 40. Nxe4 Ne5 41. Nxg5+ Kf6 42. Ne4+ Kg6 43. h3 Nxc4 44. a4 Nb2 45. Nc3 Kg5 46. Kg2 Nc4 47.
Kg3 Ne5 48. h4+ Kg6 49. h5+ Kg5 50. Ne4+ Kh6 51. Kf4 Nc4 52. Nc3 Nd2 53. Kf5 Nf3 54. Nd5 Nd4+ 55. Ke5 Nf3+ 56. Kd6 c4 57. Nxb6 c3 58.
Nc4 c2 59. b6 c1=Q 60. b7 Qxc4 61. b8=Q Qf4+ 62. Kd7 Qxb8 0-1

[Event "Betsys MČR v online bleskovém šachu 2021"]
[Site "Chess.com"]
[Date "2021.04.17"]
[Round "3"]
[White "kecalk"]
[Black "Saygram"]
[Result "0-1"]
[WhiteElo "2137"]
[BlackElo "2402"]
[TimeControl "180+1"]
[EndTime "9:29:44 PDT"]
[Termination "Uživatel Saygram zvítězil na čas"]

1. c4 e6 2. Nf3 d5 3. e3 Nf6 4. Nc3 Be7 5. b3 O-O 6. Bb2 c5 7.
cxd5 Nxd5 8. Qc2 Nb4 9. Qb1 b6 10. a3 N4c6 11. Bd3 h6 12. h4 Ba6 13. Bxa6 Nxa6 14.
Ne4 Qd5 15. Qc2 Rfd8 16. O-O-O Qd3 17. Ne1 Qxc2+ 18. Kxc2 Nc7 19. d3 a5 20. a4 Nb4+ 21.
Kb1 Rd7 22. Bc3 Nca6 23. f4 Rad8 24. Nf2 Nd5 25. Bd2 Bf6 26. g4 Bc3 27. Rh3 Bxd2 28. Rxd2 Nab4 29. Nc2 Nc3+ 30. Kb2 Ncd5 31. Nxb4 Nxb4 32.
e4 Rd4 33. Kc3 f6 34. Re3 Kf7 35. Nh3 g6 36. Ng1 R4d7 37. Nf3 Ke7 38. Ng1 Nc6 39. Nf3 Nd4 40. Rd1 Nxf3 41. Rxf3 Rd4 42. Re3 Kf7 43. Rg1 R8d7 44. Reg3 g5 45. hxg5 hxg5 46. fxg5 fxg5 47. Rf1+ Kg7 48. Rgf3 e5 49. Rd1 R7d6 50. Rf5 Rxe4 51. dxe4 Rxd1 52. Rxe5 Kf6 53. Rf5+ Kg6 54. Re5 Rg1 55.
Re6+ Kf7 56. Rxb6 Rxg4 57. e5 Re4 58. Rb5 Rxe5 59. Rxa5 g4 60. Ra7+ Kf6 61. Ra8 Rg5 62. Rf8+ Ke7 63. Rf1 g3 64. Kc4 g2 65. Rg1 Kd6 66.
Kb5 Rg4 67. Rd1+ Kc7 68. Rg1 Kd6 69. Rd1+ Ke5 70. Rg1 Kd4 71. a5 Rg5 72. a6 c4+ 73.
Kb4 c3 74. a7 Rg8 75. Rxg2 Ra8 76. Ra2 Kd3 77. Kb5 c2 78. Rxc2 Rxa7 79. Rc8 Rb7+ 80. Ka4 Kd4 81. Rd8+ Kc5 82. Rc8+ Kd5 83. b4 Ra7+ 84.
Kb3 Rb7 0-1

[Event "Betsys MČR v online bleskovém šachu 2021"]
[Site "Chess.com"]
[Date "2021.04.17"]
[Round "4"]
[White "maelic"]
[Black "adambelaska"]
[Result "1-0"]
[WhiteElo "1781"]
[BlackElo "1436"]
[TimeControl "180+1"]
[EndTime "9:32:09 PDT"]
[Termination "Uživatel maelic zvítězil matem"]

1. d4 d5 2. Bf4 Nf6 3. e3 Nbd7 4. c4 e6 5. Qb3 dxc4 6. Bxc4 Nb6 7. Bd3 Nfd5 8. Bg3 Bd6 9. Nc3 Nxc3 10. bxc3 O-O 11. Nf3 Bxg3 12. hxg3 Nd5 13. Bxh7+ Kh8 14. Bb1+ Kg8 15.
Qc2 g6 16. Ne5 Nf6 17. Nxg6 fxg6 18. Qxg6# 1-0

[Event "Betsys MČR v online bleskovém šachu 2021"]
[Site "Chess.com"]
[Date "2021.04.17"]
[Round "4"]
[White "Trener-Pokrocili"]
[Black "MichalTrhal"]
[Result "1-0"]
[WhiteElo "2244"]
[BlackElo "1923"]
[TimeControl "180+1"]
[EndTime "9:32:36 PDT"]
[Termination "Uživatel Trener-Pokrocili zvítězil po vzdání soupeře"]

1. Nf3 Nf6 2. c4 b6 3. Nc3 Bb7 4. g3 e6 5. Bg2 Be7 6. O-O O-O 7.
b3 c5 8. Bb2 d6 9. Rc1 Nbd7 10.
d3 a6 11. e4 Qc7 12. Ne1 Rad8 13. Nc2 Rfe8 14. Ne3 Nf8 15. f4 e5 16. f5 Bc6 17.
g4 b5 18. g5 N6d7 19. Ncd5 Bxd5 20. Nxd5 Qb7 21. f6 1-0

[Event "Betsys MČR v online bleskovém šachu 2021"]
[Site "Chess.com"]
[Date "2021.04.17"]
[Round "4"]
[White "dino5517"]
[Black "lockerbieQ"]
[Result "0-1"]
[WhiteElo "1390"]
[BlackElo "1739"]
[TimeControl "180+1"]
[EndTime "9:32:45 PDT"]
[Termination "Uživatel lockerbieQ zvítězil matem"]

1. e4 c5 2. Nf3 d6 3. d4 cxd4 4. Nxd4 Nf6 5. Nc3 a6 6. Bg5 Nbd7 7. Qf3 Qc7 8. g3 e6 9. Bg2 Be7 10. O-O-O b5 11. Nb3 Bb7 12. Rhe1 Rc8 13. h4 b4 14.
Bxf6 Bxf6 15. Qd3 bxc3 16. bxc3 Qxc3 17. Qxd6 Qxc2# 0-1

[Event "Betsys MČR v online bleskovém šachu 2021"]
[Site "Chess.com"]
[Date "2021.04.17"]
[Round "4"]
[White "Figo5144"]
[Black "misacz"]
[Result "0-1"]
[WhiteElo "568"]
[BlackElo "1077"]
[TimeControl "180+1"]
[EndTime "9:32:55 PDT"]
[Termination "Uživatel misacz zvítězil matem"]

1. e4 e6 2. a3 d5 3. e5 c5 4. Nf3 Nc6 5. Be2 Qb6 6. b3 Nge7 7.
Nc3 Nf5 8. O-O Be7 9. h3 O-O 10. a4 Qc7 11. Bd3 Nxe5 12. Be2 Nxf3+ 13. Bxf3 Qe5 14.
Bb2 Bd6 15. Nb5 Qh2# 0-1

[Event "Betsys MČR v online bleskovém šachu 2021"]
[Site "Chess.com"]
[Date "2021.04.17"]
[Round "4"]
[White "Nimrod64"]
[Black "jarda1955"]
[Result "1-0"]
[WhiteElo "2277"]
[BlackElo "1984"]
[TimeControl "180+1"]
[EndTime "9:33:02 PDT"]
[Termination "Uživatel Nimrod64 zvítězil po vzdání soupeře"]

1. d4 d5 2. Nf3 Nf6 3. c4 dxc4 4.
Qc2 Nbd7 5. Qxc4 a6 6. a4 e6 7.
Nc3 Be7 8. Bf4 c5 9. dxc5 Bxc5 10. e3 Qa5 11. Be2 O-O 12. O-O h6 13. Rfd1 Qb4 14.
Qxb4 Bxb4 15. Bd6 Re8 16. Bxb4 1-0

[Event "Betsys MČR v online bleskovém šachu 2021"]
[Site "Chess.com"]
[Date "2021.04.17"]
[Round "4"]
[White "JaraLinhart"]
[Black "Ondre2836"]
[Result "1-0"]
[WhiteElo "1678"]
[BlackElo "1294"]
[TimeControl "180+1"]
[EndTime "9:33:08 PDT"]
[Termination "Uživatel JaraLinhart zvítězil matem"]

1. e4 d5 2. exd5 Qxd5 3. d4 Nf6 4. Nf3 Bg4 5. Be2 Nc6 6. O-O Bxf3 7. Bxf3 Qxd4 8.
Bxc6+ bxc6 9. Qxd4 Nd5 10. Qc4 Kd7 11. Nc3 Nxc3 12. Qxc3 e6 13. Bf4 Rg8 14. Rad1+ Bd6 15. Qc5 Rad8 16. Bxd6 cxd6 17. Qxd6+ Kc8 18. Qxc6+ Kb8 19.
Rd7 Rxd7 20. Qxd7 Rc8 21. Rd1 Rc7 22. Qb5+ Rb7 23. Rd8+ Kc7 24. Rd7+ Kc8 25. Qxb7# 1-0